 Dungeon Crawl Stone Soup version 0.31-a0-20-g13bd767e95 (webtiles) character file.

Game seed: 2202779721548372608

74 Conn the Sneak (level 4, -8/27 HPs)
             Began as an Octopode Fire Elementalist on May 13, 2023.
             Mangled by an ogre
             ... wielding a +0 giant club
              (28 damage)
             ... on level 2 of the Dungeon.
             The game lasted 00:02:39 (2045 turns).

Conn the Sneak (Octopode Fire Elementalist)         Turns: 2045, Time: 00:02:39

Health: -8/27      AC:  1    Str:  7    XL:     4   Next: 28%
Magic:  4/7        EV: 13    Int: 19    God:
Gold:   52         SH:  0    Dex: 12    Spells: 1/7 levels left

rFire   . . .        b - +0 dagger
rCold   . . .        (no shield)
rNeg    . . .        (helmet restricted)
rPois   .            (no amulet)
rElec   .            (no ring)
rCorr   .            (no ring)
SInv    .            (no ring)
Will    .....        (no ring)
Stlth   +++          (no ring)
HPRegen 0.24/turn    (no ring)
MPRegen 0.10/turn    (no ring)
                     (no ring)

%: no passive effects
@: no status effects
A: almost no armour, amphibious, 8 rings, camouflage 1, gelatinous body 1,
(nimble swimmer 1), tentacles
a: no special abilities


You were on level 2 of the Dungeon.
You visited 1 branch of the dungeon, and saw 2 of its levels.

You collected 52 gold pieces.

Inventory:

Hand Weapons
 b - a +0 dagger (weapon)
Missiles
 d - a throwing net
Scrolls
 c - 5 scrolls of identify {unknown}
 e - a scroll of amnesia
Potions
 a - 2 potions of magic


   Skills:
 + Level 2.2 Dodging
 + Level 3.9 Stealth
 + Level 2.4 Spellcasting
 + Level 1.5 Conjurations
 + Level 3.8 Fire Magic


You had one spell level left.
You knew the following spells:

 Your Spells              Type           Power      Damage    Failure   Level
a - Foxfire               Conj/Fire      48%        2x1d6     5%          1
b - Scorch                Fire           32%        2d6       4%          2
c - Inner Flame           Hex/Fire       9%         N/A       22%         3

Your spell library contained the following spells:

 Spells                   Type           Power      Damage    Failure   Level
 Volatile Blastmotes      Fire/Tloc      18%        2d11      22%         3
 Flame Wave               Conj/Fire      12%        2d6       47%         4
 Yara's Violent Unravell  Hex/Tmut       1%         3d3       99%         5
 Enfeeble                 Hex            1%         N/A       100%        7


Dungeon Overview and Level Annotations

Branches:
Dungeon (2/15)

Altars:


Innate Abilities, Weirdness & Mutations

You cannot wear most types of armour.
You are amphibious.
You can wear up to eight rings at the same time.
Your skin changes colour to match your surroundings (Stealth+).
Your rubbery body absorbs attacks. (AC +1, EV +1)
((You are camouflaged when in or above water. (Stealth+)))
You have tentacles for arms and can constrict up to eight enemies at once.


Message History

Unknown command.
Casting: Foxfire (safe; 5% risk of failure)
Confirm with . or Enter, or press ? or * to list all spells.
You conjure some foxfire!
The goblin shouts!
Unknown command.
Casting: Foxfire (safe; 5% risk of failure)
Confirm with . or Enter, or press ? or * to list all spells.
You conjure some foxfire!
The foxfire hits the ogre.
The ogre is lightly wounded.
The foxfire hits the ogre.
The ogre is lightly wounded.
The goblin shoots a sling bullet.
The sling bullet hits you. The sling bullet burns you.
Casting: Foxfire (safe; 5% risk of failure)
Confirm with . or Enter, or press ? or * to list all spells.
You conjure some foxfire!
The foxfire hits the ogre.
The ogre is moderately wounded.
The foxfire hits the ogre.
The ogre is moderately wounded.
A ball python comes into view.
The ogre closely misses you.
Casting: Foxfire (safe; 5% risk of failure)
Confirm with . or Enter, or press ? or * to list all spells.
Okay, then.
Unknown command.
Okay, then.
As you read the scroll labelled NAXTAMAEDA, it crumbles to dust.
It is a scroll of amnesia.
Really abort (and waste the scroll)?
Okay, then.
The foxfire hits the ogre.
The ogre is heavily wounded.
The foxfire hits the ogre but does no damage.
The ogre is heavily wounded.
The goblin shoots a sling bullet.
The sling bullet closely misses you. The ogre attacks as you move away!
The ogre hits you with a +0 giant club!!
Ouch! That really hurt!
You die...

...#...###.#.##.#.#
##.#÷### #........#
#.#.# ###.##....
#.#.# #§##..##
#...#######O##..##
#.........# ..S.#
###.###########.g.#
.##.# #........Og#
....####'#######@.#
............# #..#
............# #..#
.#......†...# #..#
.#####...#### #..#
## #.### #..# #.#
#..# ... #..# ....


You could see an ogre, 2 goblins and a ball python.

Vanquished Creatures
  3 adders (D:2)
  A worm (D:2)
  A dart slug (D:1)
  4 endoplasms
  2 giant cockroaches (D:2)
  4 goblins
  6 hobgoblins
  2 jackals (D:2)
  3 quokkas (D:1)
  4 ball pythons (D:1)
  4 bats
  3 kobolds
  2 rats
39 creatures vanquished.

Vanquished Creatures (others)
  111 foxfires
111 creatures vanquished.

Grand Total: 150 creatures vanquished

Notes
Turn   | Place    | Note
-------+----------+-------------------------------------------
     0 | D:1      | Conn the Octopode Fire Elementalist began the quest for the
                  | Orb.
     0 | D:1      | Reached XP level 1. HP: 11/11 MP: 3/3
     2 | D:1      | Noticed a gargoyle
     4 | D:1      | Noticed a spriggan
     6 | D:1      | Noticed a troll
     6 | D:1      | Noticed a naga
     8 | D:1      | Noticed a demonspawn
     8 | D:1      | Noticed a ghoul
    10 | D:1      | Noticed a minotaur
    10 | D:1      | Noticed an octopode
    12 | D:1      | Noticed an ogre
    12 | D:1      | Noticed a human
    14 | D:1      | Noticed a demigod
    14 | D:1      | Noticed an elf
    16 | D:1      | Noticed a vine stalker
    16 | D:1      | Noticed a meteoran
    18 | D:1      | Noticed a formicid
    18 | D:1      | Noticed a merfolk
    20 | D:1      | Noticed a felid
    22 | D:1      | Noticed a vampire
    22 | D:1      | Noticed a draconian
    24 | D:1      | Noticed an armataur
    24 | D:1      | Noticed an octopode
    26 | D:1      | Noticed a human
   377 | D:1      | Reached XP level 2. HP: 17/17 MP: 1/5
   889 | D:1      | Reached XP level 3. HP: 19/21 MP: 6/6
  1271 | D:1      | Learned a level 2 spell: Scorch
  1275 | D:1      | Learned a level 3 spell: Inner Flame
  1588 | D:2      | Noticed an ogre
  1686 | D:2      | Reached XP level 4. HP: 27/27 MP: 2/7
  2045 | D:2      | Mangled by an ogre

Illustrated notes

Levels and vault maps discovered:
D:1:      kb_arrival_jail, layout_loops_corners, kennysheep_crisscross
D:2:      layout_basic

Skill      XL: |  1  2 |
---------------+-------+-----
Stealth        | 3 |  3.9
Dodging        | |  2.2
Spellcasting   | |  2.4
Conjurations   | |  1.5
Fire Magic     | |  3.8

Action                     |  1- 3 |  4- 6 || total
---------------------------+-------+-------++-------
  Melee: Unarmed           |     4 |       ||     4
         Tentacles         |     4 |       ||     4
         Dagger            |    27 |     1 ||    28
         Constrict         |     5 |       ||     5
   Cast: Foxfire           |    52 |    15 ||    67
    Use: Scroll            |       |     1 ||     1
   Stab: Sleeping          |     5 |     1 ||     6
 Armour: Skin              |     2 |       ||     2
  Dodge: Dodged            |    27 |     3 ||    30

Table legend: (Time is in decaauts)
 A = Elapsed time spent in this place.
 B = Non-inter-level travel time spent in this place.
 C = Inter-level travel time spent in this place.
 D = Time resting spent in this place.
 E = Time spent auto-exploring this place.
 F = Levels seen in this place.
 G = Mean time per level.
                   A        B        C        D        E       F      G
               +--------+--------+--------+--------+--------+-----+--------+
         Total |   2044 |   1984 |     60 |      0 |   1643 |   2 | 1022.0 |
       Dungeon |   2044 |   1984 |     60 |      0 |   1643 |   2 | 1022.0 |
               +--------+--------+--------+--------+--------+-----+--------+

Top non-repeatable levels by time:
     D:1: 1338 daAuts
     D:2: 705 daAuts
